 Dungeon Sprint DCSS version 0.27-a0-74-gebd156f8b4 (webtiles) character file.

Game seed: 5008159383405445099

40726 mhtbhm the Archmage (level 13, -28/68 HPs)
             Began as a Deep Elf Earth Elementalist on Jan 12, 2021.
             Was the Champion of Vehumet.
             Killed from afar by a shock serpent (31 damage)
             ... with a bolt of electricity
             ... in the Dungeon (Sprint IX: "|||||||||||||||||||||||||||||").
             The game lasted 00:20:27 (7358 turns).

mhtbhm the Archmage (Deep Elf Earth Elementalist)   Turns: 7358, Time: 00:20:29

Health: -28/68     AC: 15    Str:  5    XL:     13   Next: 76%
Magic:  22/46      EV: 12    Int: 32    God:    Vehumet [******]
Gold:   1287       SH:  0    Dex: 15    Spells: 22/66 levels left

rFire    . . .     SeeInvis .   l - +4 quarterstaff (speed)
rCold    . . .     Faith    .   (shield currently unavailable)
rNeg     . . .     Spirit   .   c - +0 swamp dragon scales
rPois    +         Reflect  .   C - +1 helmet
rElec    .         Harm     .   u - +0 cloak
rCorr    .         Rampage  .   r - +1 pair of gloves {archery}
Will     +....     NoTele   +   m - +1 pair of boots
Stlth    +++.......             (no amulet)
HPRegen  0.21/turn              n - +3 ring of intelligence
MPRegen  0.30/turn              o - +3 ring of intelligence

@: lethally poisoned (-28 -> -34)
A: no striking features
a: Renounce Religion


You were in the Dungeon.
You worshipped Vehumet.
Vehumet was exalted by your worship.
You visited 1 branch You collected 1914 gold pieces.
You spent 627 gold pieces at shops.

Inventory:

Hand Weapons
 l - a +4 quarterstaff of speed (weapon)
Armour
 c - +0 swamp dragon scales (worn)
 m - a +1 pair of boots (worn)
 r - a +1 pair of gloves of archery (worn)
 s - a +0 cloak of preservation
 u - a +0 cloak (worn)
 C - a +1 helmet (worn)
Jewellery
 n - a +3 ring of intelligence (left hand)
 o - a +3 ring of intelligence (right hand)
 y - an uncursed ring of protection from cold
 z - an uncursed ring of fire
 A - an uncursed ring of protection from fire
 B - an uncursed ring of ice
Wands
 k - a wand of iceblast (2)
 x - a wand of disintegration (15)
Scrolls
 b - 2 scrolls of immolation
 h - 7 scrolls of remove curse
 i - 5 scrolls of blinking
 j - 2 scrolls of amnesia
 p - 8 scrolls of identify
 v - a scroll of magic mapping
 w - 3 scrolls of enchant weapon
Potions
 a - a potion of berserk rage
 d - 7 potions of curing
 e - 2 potions of heal wounds
 f - 3 potions of brilliance
 g - 4 potions of magic
 t - 2 potions of might
 D - a potion of resistance


   Skills:
 + Level 2.5 Fighting
 + Level 3.4 Staves
 + Level 3.7 Armour
 + Level 8.1 Dodging
 - Level 6.5 Stealth
 + Level 1.9 Unarmed Combat
 O Level 27 Spellcasting
 + Level 6.4 Conjurations
 + Level 6.8 Transmutations
 * Level 5.9 Fire Magic
 + Level 25.0 Earth Magic
 + Level 3.4 Evocations


You had 22 spell levels left.
You knew the following spells:

 Your Spells              Type           Power        Failure   Level
a - Sandblast             Erth           100%         0%          1
b - Passwall              Tmut/Erth      81%          0%          2
c - Stone Arrow           Conj/Erth      100%         0%          3
d - Lee's Rapid Deconstr  Erth           58%          0%          5
e - Petrify               Tmut/Erth      98%          1%          4
f - Eringya's Noxious Bo  Tmut/Pois      30%          21%         6
g - Iron Shot             Conj/Erth      48%          1%          6
h - Lehudib's Crystal Sp  Conj/Erth      48%          6%          8
i - Fire Storm            Conj/Fire      35%          100%        9

Your spell library contained the following spells:

 Spells                   Type           Power        Failure   Level
 Absolute Zero            Ice            21%          100%        9


Dungeon Overview and Level Annotations

Branches:
Dungeon (1/1)

Altars:
Cheibriados
Dithmenos
Elyvilon
Fedhas
Gozag
Hepliaklqana
Kikubaaqudgha
Makhleb
Nemelex Xobeh
Okawaru
Qazlal
Ru
Sif Muna
Trog
Uskayaw
Vehumet
Wu Jian
Xom
Yredelemnul
Zin
The Shining One
Beogh
Jiyva
Lugonu

Shops:
D (**?


Message History

Aim: a shock serpent (chance to affect: 74%)
The shock serpent is moving more slowly.
The mana viper hisses angrily.
You feel sick.
Unknown command.
You feel sick.
You feel sick.
The shock serpent shoots out a bolt of lightning at you!
The bolt of electricity hits the shock serpent.
The shock serpent completely resists.
The bolt of electricity hits you!!
* * * LOW HITPOINT WARNING * * *
* * * LOW HITPOINT WARNING * * *
You feel sick.
* * * LOW HITPOINT WARNING * * *
You feel sick.
The shock serpent stops moving altogether!
The shock serpent shoots out a bolt of lightning at you!
The bolt of electricity hits the shock serpent.
The shock serpent completely resists.
The bolt of electricity hits you!!
You die...

....)).).........)))....))...))))
▓▓▓▓▓▓▓▓▓▓▓▓▓▓▓▓▓▓▓▓▓▓▓▓▓▓▓▓▓▓▓▓▓
.................................
▓▓▓▓▓▓▓▓▓▓▓▓▓▓▓▓▓▓▓▓▓▓▓▓▓▓▓▓▓▓▓▓▓
..)).())((....[[[[.[[[.))))))))..
▓▓▓▓▓▓▓▓▓▓▓▓▓▓▓▓▓▓▓▓▓▓▓▓▓▓▓▓▓▓▓▓▓
.................................
▓▓▓▓▓▓▓▓▓▓▓▓▓▓▓▓▓▓▓▓▓♣♣♣♣♣♣♣♣♣♣▓▓
.....)SSSS..@...'.........)..
▓▓▓▓▓▓▓▓▓▓▓▓▓▓▓▓▓♣♣♣♣♣♣♣♣♣♣▓▓


You could see 2 shock serpents, a mana viper and a black mamba.

Vanquished Creatures
  Frances (D)
  2 nagarajas (D)
  A stone giant (D)
  2 bunyips (D)
  An entropy weaver (D)
  An ettin (D)
  Snorg (D)
  3 hydras (D)
  A catoblepas (D)
  2 anacondas (D)
  An alligator (D)
  3 centaur warriors (D)
  8 orc high priests (D)
  A tengu warrior (D)
  Urug (D)
  A spriggan (D)
  A hell knight (D)
  A goliath frog (D)
  An unseen horror (D)
  A wizard (D)
  A bog body (D)
  9 orc knights (D)
  A deep elf mage (D)
  2 orb spiders (D)
  A wolf spider (D)
  An ugly thing (D)
  9 elephants (D)
  A black mamba (D)
  3 cane toads (D)
  4 komodo dragons (D)
  A yaktaur (D)
  A polar bear (D)
  A tengu conjurer (D)
  2 hornets (D)
  A tyrant leech (D)
  A blink frog (D)
  A tarantella (D)
  4 redbacks (D)
  A wraith (D)
  2 yaks (D)
  Grum (D)
  A naga (D)
  A water moccasin (D)
  An acid dragon (D)
  6 orc warriors (D)
  A sky beast (D)
  4 wolves (D)
  An ogre (D)
  5 bullfrogs (D)
  A scorpion (D)
  2 orc priests (D)
  A hound (D)
  2 orc wizards (D)
  2 worker ants (D)
  An adder (D)
  A white imp (D)
  13 orcs (D)
  A bat skeleton (D)
  A goblin (D)
  A hobgoblin (D)
  A kobold (D)
  2 bats (D)
  A jackal skeleton (D)
  A quokka zombie (D)
133 creatures vanquished.

Notes
Turn   | Place    | Note
-------+----------+-------------------------------------------
     0 | D        | mhtbhm the Deep Elf Earth Elementalist began the quest for
                  | the Orb.
     0 | D        | Reached XP level 1. HP: 10/10 MP: 6/6
   279 | D        | Noticed a worker ant
   279 | D        | Noticed a worker ant
   282 | D        | Reached XP level 2. HP: 15/15 MP: 5/8
   312 | D        | Reached skill level 5 in Spellcasting
   312 | D        | Reached skill level 5 in Earth Magic
   312 | D        | Reached XP level 3. HP: 19/19 MP: 5/11
   331 | D        | Reached skill level 6 in Spellcasting
   331 | D        | Reached XP level 4. HP: 23/24 MP: 0/14
   342 | D        | Learned a level 2 spell: Passwall
   346 | D        | Learned a level 3 spell: Stone Arrow
   353 | D        | Found a roughly hewn altar of Beogh.
   353 | D        | Found a snail-covered altar of Cheibriados.
   353 | D        | Found a shadowy altar of Dithmenos.
   353 | D        | Found a white marble altar of Elyvilon.
   353 | D        | Found a blossoming altar of Fedhas.
   353 | D        | Found an opulent altar of Gozag.
   354 | D        | Found a hazy altar of Hepliaklqana.
   355 | D        | Found a viscous altar of Jiyva.
   356 | D        | Found an ancient bone altar of Kikubaaqudgha.
   357 | D        | Found a corrupted altar of Lugonu.
   358 | D        | Found a burning altar of Makhleb.
   359 | D        | Found a sparkling altar of Nemelex Xobeh.
   360 | D        | Found an iron altar of Okawaru.
   361 | D        | Found a stormy altar of Qazlal.
   362 | D        | Found a sacrificial altar of Ru.
   363 | D        | Found a shimmering blue altar of Sif Muna.
   364 | D        | Found a bloodstained altar of Trog.
   365 | D        | Found a hide-covered altar of Uskayaw.
   366 | D        | Found a radiant altar of Vehumet.
   367 | D        | Found an ornate altar of the Wu Jian Council.
   368 | D        | Found a shimmering altar of Xom.
   369 | D        | Found a basalt altar of Yredelemnul.
   370 | D        | Found a glowing silver altar of Zin.
   371 | D        | Found a glowing golden altar of the Shining One.
   374 | D        | Became a worshipper of Vehumet
   416 | D        | Noticed an ogre
   416 | D        | Noticed a yak
   418 | D        | Killed a yak
   419 | D        | Reached skill level 5 in Stealth
   419 | D        | Reached skill level 9 in Spellcasting
   419 | D        | Reached XP level 5. HP: 21/28 MP: 12/18
   422 | D        | Killed an ogre
   423 | D        | Reached skill level 5 in Dodging
   423 | D        | Reached skill level 10 in Spellcasting
   423 | D        | Reached skill level 10 in Earth Magic
   423 | D        | Reached XP level 6. HP: 24/32 MP: 11/21
   423 | D        | Reached * piety under Vehumet
   423 | D        | Offered knowledge of Magic Dart by Vehumet.
   427 | D        | Reached ** piety under Vehumet
   428 | D        | Reached skill level 11 in Spellcasting
   434 | D        | Learned a level 5 spell: Lee's Rapid Deconstruction
   439 | D        | Learned a level 4 spell: Petrify
   597 | D        | Noticed a deep elf mage
   597 | D        | Noticed a sky beast
   597 | D        | Noticed a purple ugly thing
   597 | D        | Noticed an orc warrior
   600 | D        | Killed an orc warrior
   600 | D        | Offered knowledge of Shock by Vehumet.
   601 | D        | Killed an unseen horror
   602 | D        | Reached skill level 1 in Unarmed Combat
   602 | D        | Reached skill level 14 in Spellcasting
   602 | D        | Reached XP level 7. HP: 22/36 MP: 8/26
   605 | D        | Noticed a tarantella
   615 | D        | Killed a purple ugly thing
   616 | D        | Reached XP level 8. HP: 26/41 MP: 9/28
   744 | D        | Reached *** piety under Vehumet
   745 | D        | Reached skill level 15 in Spellcasting
   748 | D        | Killed a deep elf mage
   749 | D        | Reached skill level 1 in Evocations
   769 | D        | Offered knowledge of Conjure Flame by Vehumet.
   906 | D        | Noticed a black mamba
   906 | D        | Noticed a blink frog
   906 | D        | Noticed a cane toad
   906 | D        | Noticed a cane toad
   909 | D        | Reached skill level 16 in Spellcasting
   909 | D        | Killed a cane toad
   909 | D        | Killed a cane toad
   909 | D        | Reached **** piety under Vehumet
   910 | D        | Reached skill level 1 in Fighting
   910 | D        | Reached skill level 15 in Earth Magic
   910 | D        | Reached XP level 9. HP: 47/47 MP: 24/31
   910 | D        | Noticed a komodo dragon
   911 | D        | Reached skill level 1 in Staves
   911 | D        | Reached skill level 17 in Spellcasting
   913 | D        | Killed a black mamba
   914 | D        | Noticed a polar bear
  1298 | D        | Killed a komodo dragon
  1298 | D        | Offered knowledge of Dazzling Flash by Vehumet.
  1298 | D        | Reached ***** piety under Vehumet
  1301 | D        | Killed a polar bear
  1302 | D        | Reached skill level 18 in Spellcasting
  1596 | D        | Noticed a cane toad
  1596 | D        | Noticed a komodo dragon
  1596 | D        | Noticed a five-headed hydra
  1596 | D        | Noticed a komodo dragon
  1596 | D        | Noticed an elephant
  1601 | D        | Killed an elephant
  1601 | D        | Offered knowledge of Mephitic Cloud by Vehumet.
  1602 | D        | Reached XP level 10. HP: 52/52 MP: 16/34
  1602 | D        | Killed a five-headed hydra
  1603 | D        | Reached skill level 19 in Spellcasting
  1603 | D        | Reached skill level 1 in Conjurations
  1986 | D        | Killed a cane toad
  1986 | D        | Offered knowledge of Bolt of Magma by Vehumet.
  1995 | D        | Reached skill level 20 in Spellcasting
  2322 | D        | Noticed an elephant
  2322 | D        | Noticed an elephant
  2322 | D        | Noticed an elephant
  2322 | D        | Noticed an elephant
  2322 | D        | Noticed an elephant
  2322 | D        | Noticed an elephant
  2326 | D        | Killed an elephant
  2326 | D        | Killed an elephant
  2327 | D        | Noticed an elephant
  2328 | D        | Killed an elephant
  2328 | D        | Offered knowledge of Lightning Bolt by Vehumet.
  2329 | D        | Killed an elephant
  2329 | D        | Noticed an elephant
  2330 | D        | Reached skill level 21 in Spellcasting
  2331 | D        | Killed an elephant
  2333 | D        | Killed an elephant
  2334 | D        | Reached XP level 11. HP: 56/56 MP: 4/38
  2564 | D        | Noticed Urug
  2571 | D        | Killed Urug
  2948 | D        | Noticed Grum
  2958 | D        | Reached skill level 22 in Spellcasting
  2959 | D        | Killed Grum
  2959 | D        | Reached ****** piety under Vehumet
  2960 | D        | Offered knowledge of Conjure Ball Lightning by Vehumet.
  3182 | D        | Offered knowledge of Irradiate by Vehumet.
  3323 | D        | Noticed an ettin
  3323 | D        | Noticed an orc high priest
  3330 | D        | Noticed an orc knight
  3333 | D        | Killed an orc high priest
  3436 | D        | Killed an ettin
  3436 | D        | Offered knowledge of Eringya's Noxious Bog by Vehumet.
  3598 | D        | Learned a level 6 spell: Eringya's Noxious Bog
  3650 | D        | Killed an orc knight
  3651 | D        | Reached skill level 23 in Spellcasting
  3749 | D        | Noticed an orc knight
  3762 | D        | Killed an orc knight
  3775 | D        | Offered knowledge of Iskenderun's Battlesphere by Vehumet.
  3885 | D        | Noticed an orc knight
  3911 | D        | Killed an orc knight
  4092 | D        | Found Ovaithos's Magic Scroll Boutique.
  4092 | D        | Noticed an orc knight
  4092 | D        | Noticed an orc knight
  4092 | D        | Noticed an orc high priest
  4092 | D        | Noticed an orc high priest
  4092 | D        | Noticed an orc high priest
  4094 | D        | Noticed an orc knight
  4095 | D        | Killed an orc high priest
  4097 | D        | Killed an orc high priest
  4097 | D        | Killed an orc high priest
  4097 | D        | Noticed an orc high priest
  4161 | D        | Killed an orc knight
  4162 | D        | Reached skill level 24 in Spellcasting
  4289 | D        | Killed an orc knight
  4290 | D        | Reached XP level 12. HP: 62/62 MP: 20/42
  4581 | D        | Killed an orc high priest
  4652 | D        | Noticed an orc high priest
  4658 | D        | Killed an orc high priest
  4658 | D        | Offered knowledge of Iron Shot by Vehumet.
  4666 | D        | Learned a level 6 spell: Iron Shot
  4971 | D        | Found Gesudean's General Store.
  4975 | D        | Found Lefael's General Store.
  4978 | D        | Found Kimizut's Antique Weapon Shop.
  4980 | D        | Noticed an orc high priest
  4984 | D        | Killed an orc high priest
  4984 | D        | Noticed an orc high priest
  4988 | D        | Killed an orc high priest
  4989 | D        | Reached skill level 25 in Spellcasting
  4992 | D        | Reached skill level 5 in Transmutations
  5352 | D        | Bought a scroll of blinking for 90 gold pieces
  5352 | D        | Bought a scroll of immolation for 42 gold pieces
  5352 | D        | Bought a scroll of identify for 24 gold pieces
  5352 | D        | Bought a scroll of magic mapping for 42 gold pieces
  5352 | D        | Bought a scroll of enchant weapon for 90 gold pieces
  5354 | D        | Bought a wand of disintegration (16) for 220 gold pieces
  5356 | D        | Bought a scroll of blinking for 97 gold pieces
  5362 | D        | Bought a scroll of identify for 22 gold pieces
  5578 | D        | Noticed a centaur warrior
  5578 | D        | Noticed a tengu warrior
  5581 | D        | Noticed a catoblepas
  5583 | D        | Killed a tengu warrior
  5584 | D        | Noticed a centaur warrior
  5585 | D        | Killed a centaur warrior
  5586 | D        | Noticed a stone giant
  5588 | D        | Killed a catoblepas
  5588 | D        | Offered knowledge of Lehudib's Crystal Spear by Vehumet.
  5588 | D        | Offered knowledge of Fire Storm by Vehumet.
  5588 | D        | Offered knowledge of Absolute Zero by Vehumet.
  5590 | D        | Killed a centaur warrior
  5689 | D        | Killed a stone giant
  5690 | D        | Reached skill level 26 in Spellcasting
  5705 | D        | Learned a level 8 spell: Lehudib's Crystal Spear
  5864 | D        | Noticed a centaur warrior
  5875 | D        | Killed a centaur warrior
  6126 | D        | Noticed Frances
  6137 | D        | HP: 1/62 [Frances/shard of ice (42)]
  6139 | D        | Killed Frances
  6140 | D        | Reached XP level 13. HP: 2/66 MP: 0/45
  6477 | D        | Noticed Snorg
  6481 | D        | Killed Snorg
  6482 | D        | Reached skill level 1 in Armour
  6556 | D        | Noticed a bunyip
  6556 | D        | Noticed a bunyip
  6563 | D        | Reached skill level 27 in Spellcasting
  6563 | D        | Reached skill level 5 in Conjurations
  6563 | D        | Killed a bunyip
  6568 | D        | Killed a bunyip
  6899 | D        | Learned a level 9 spell: Fire Storm
  6910 | D        | Reached skill level 1 in Fire Magic
  6917 | D        | Noticed an entropy weaver
  7095 | D        | Killed an entropy weaver
  7344 | D        | Noticed a nagaraja
  7344 | D        | Noticed a nagaraja
  7349 | D        | Killed a nagaraja
  7350 | D        | Reached skill level 5 in Fire Magic
  7352 | D        | Killed a nagaraja
  7358 | D        | HP: 3/68 [poisoned by a nagaraja (splash of poison)]
  7358 | D        | Killed from afar by a shock serpent

Illustrated notes

Levels and vault maps discovered:
D:        linesprint [early_d, line_temple, items_1, d_10, items_2, lair_1,
          lair_end, items_3, orc_1, orc_end, items_4, d_15, swamp_1, shoals_1,
          snake_1, spider_1, d_20, vaults_1, items_5, swamp_end, shoals_end,
          snake_end, spider_end, vaults_end, d_27, items_6, zot_1, zot_end,
          crypt_end, forest_end, elf_end, slime_end, tomb_end, abyss_end,
          pan_hell_end]

Skill      XL: |  1  2  3  4  5  6  7  8  9 10 11 12 13 |
---------------+----------------------------------------+-----
Stealth        | 3 4 5 6 |  6.5
Earth Magic    | 4 5 6 9 10 12 13 15 16 18 20 22 25 | 25.0
Dodging        | 3 4 5 6 7 8 |  8.1
Spellcasting   | 5 6 9 10 14 16 18 21 24 26 27 | 27.0
Unarmed Combat | 1 |  1.9
Evocations     | 2 3 |  3.4
Fighting       | 1 2 |  2.5
Staves         | 1 3 |  3.4
Conjurations   | 1 2 4 6 |  6.4
Transmutations | 4 5 6 |  6.8
Armour         | 3 |  3.7
Fire Magic     | 5 |  5.9

Action                   |  1- 3 |  4- 6 |  7- 9 | 10-12 | 13-15 || total
-------------------------+-------+-------+-------+-------+-------++-------
Melee: Unarmed           |     2 |       |       |       |       ||     2
       Quarterstaff      |       |       |     1 |    18 |       ||    19
 Cast: Sandblast         |    19 |     9 |       |     2 |       ||    30
       Lee's Rapid Decon |       |     3 |    18 |   104 |    31 ||   156
       Stone Arrow       |       |       |     2 |    15 |     3 ||    20
       Petrify           |       |       |       |    30 |     4 ||    34
       Iron Shot         |       |       |       |    11 |     2 ||    13
       Lehudib's Crystal |       |       |       |     1 |       ||     1
Evoke: Wand              |       |       |     4 |     5 |       ||     9
  Use: Potion            |     1 |     1 |     1 |     1 |       ||     4
       Scroll            |       |       |       |     1 |       ||     1
Armor: Robe              |     1 |       |     2 |       |       ||     3
       Swamp dragon scal |       |       |       |     5 |     5 ||    10
Dodge: Dodged            |    14 |     3 |     4 |    24 |    13 ||    58

Table legend: (Time is in decaauts)
 A = Elapsed time spent in this place.
 B = Non-inter-level travel time spent in this place.
 C = Inter-level travel time spent in this place.
 D = Time resting spent in this place.
 E = Time spent auto-exploring this place.
 F = Levels seen in this place.
 G = Mean time per level.
                   A        B        C        D        E       F      G
               +--------+--------+--------+--------+--------+-----+--------+
         Total |   7350 |   7350 |      0 |   5224 |    568 |   1 | 7350.0 |
       Dungeon |   7350 |   7350 |      0 |   5224 |    568 |   1 | 7350.0 |
               +--------+--------+--------+--------+--------+-----+--------+

Top non-repeatable levels by time:
       D: 7350 daAuts
